Map: Dusk Towers

Players

pirquessa - Winner!

  • Race: Zerg Zerg
  • League: Diamond

blackxored

  • Race: Zerg Zerg
  • League: Diamond

VOD

Have the link to the VOD?

Description

Time

  • Played on: June 19, 2016, 1:38 p.m.
  • Length: 16:43
Show
View Real Time Build Order
Export as new Build Order

pirquessa Zerg - Winner!

Build Orders: Pool First, Zergling Baneling 

Get SALT Encoding   

  12  0:01  Drone  
  13  0:12  Overlord  
  13  0:18  Drone  
  14  0:33  Drone x2  
  16  0:36  Drone  
  16  0:42  Extractor  
  16  0:51  Spawning Pool  
  16  0:55  Drone  
  16  1:00  Drone  
  17  1:07  Drone  
  18  1:22  Hatchery  
  17  1:31  Drone  
  18  1:38  Queen  
  20  1:46  Metabolic Boost  
  20  1:51  Drone  
  21  1:54  Overlord  
  21  1:58  Drone  
  22  2:16  Queen  
  22  2:19  Overlord  
  24  2:23  Zergling x2  
  24  2:26  Zergling x2  
  26  2:32  Baneling Nest  
  25  2:53  Zergling x14  
  32  3:09  Zergling x2  
  32  3:10  Zergling x4  
  35  3:16  Queen  
  35  3:17  Zergling x2  
  35  3:18  Zergling x2  
  39  3:29  Baneling x2  
  39  3:30  Baneling x3  
  35  3:50  Baneling x2  
  26  4:17  Zergling x2  
  26  4:18  Zergling x10  
  31  4:30  Drone x2  
  33  4:40  Baneling x2  
  33  4:41  Baneling x3  
  33  4:42  Zergling x2  
  33  4:43  Zergling x2  
  35  4:53  Hatchery  
  34  5:09  Zergling x16  
  42  5:17  Overlord  
  29  5:57  Zergling x2  
  29  5:58  Zergling x20  
  29  6:01  Baneling x2  
  38  6:22  Zergling x12  
  38  6:23  Zergling x4  
  46  6:27  Drone  
  46  6:28  Drone  
  48  6:35  Drone  
  49  6:44  Drone x2  
  51  6:52  Spore Crawler  
  51  6:54  Spore Crawler  
  49  6:55  Spore Crawler  
  47  7:14  Drone x3  
  47  7:15  Drone x7  
  57  7:18  Baneling x3  
  57  7:26  Baneling x5  
  57  7:37  Overlord, Drone  
  53  8:05  Zergling x22  
  58  8:06  Zergling x4  
  65  8:16  Overlord x3  
  65  8:20  Evolution Chamber  
  65  8:21  Extractor, Drone  
  43  8:55  Zergling x2  
  43  8:56  Zergling x22  
  43  9:01  Zerg Ground Armor Level 1  
  50  9:11  Zergling x6  
  50  9:12  Lair  
  50  9:17  Baneling x6  
  53  9:31  Baneling  
  53  9:32  Baneling x3  
  53  9:50  Baneling x2  
  53  9:52  Baneling x4  
  47  10:03  Baneling  
  42  10:17  Zergling x8  
  42  10:18  Zergling x26  
  58  10:33  Hatchery  
  57  10:40  Baneling x2  
  57  10:41  Baneling x2  
  57  10:58  Baneling x2  
  57  10:59  Zergling x2, Baneling x2  
  57  11:00  Zergling x30  
  57  11:03  Zergling x6  
  76  11:07  Spine Crawler  
  76  11:09  Spine Crawler  
  76  11:10  Spine Crawler  
  68  11:27  Baneling  
  68  11:28  Baneling x5  
  68  11:32  Drone x8  
  72  11:33  Drone  
  72  11:40  Zerg Melee Weapons Level 1  
  50  12:27  Zergling x2  
  50  12:28  Zergling x34  
  64  12:39  Evolution Chamber  
  61  12:47  Spire  
  60  12:51  Extractor  
  60  12:53  Extractor, Drone x2  
  60  12:54  Drone x6  
  66  13:08  Zerg Ground Armor Level 2  
  66  13:10  Overlord x2, Drone  
  66  13:11  Drone x3  
  70  13:12  Baneling  
  70  13:13  Baneling x10  
  69  13:39  Roach Warren  
  69  13:40  Centrifical Hooks  
  68  13:43  Zergling x2  
  68  13:44  Zergling x30  
  84  13:58  Spore Crawler  
  84  13:59  Spore Crawler  
  84  14:02  Extractor  
  80  14:33  Extractor  
  80  14:37  Overlord x2  
  80  14:38  Overlord, Zergling x2  
  80  14:39  Zergling x32  
  96  14:47  Hatchery  
  94  15:18  Roach x12  
  94  15:19  Roach  
  120  15:40  Overlord  
  120  15:41  Overlord  
  120  15:42  Overlord  
  120  15:49  Extractor  
  119  15:51  Extractor  
  118  16:00  Baneling x2  
  118  16:01  Baneling x5  
  104  16:21  Spine Crawler  
Show
View Real Time Build Order
Export as new Build Order

blackxored Zerg 

Build Orders: Hatch First 

Get SALT Encoding   

  12  0:02  Drone  
  13  0:09  Drone  
  14  0:17  Overlord  
  14  0:23  Extractor  
  14  0:24  Drone  
  15  0:38  Drone x2  
  17  0:53  Hatchery  
  17  0:55  Drone  
  17  0:58  Drone  
  18  1:09  Extractor  
  17  1:14  Spawning Pool  
  17  1:17  Drone  
  17  1:20  Drone  
  18  1:28  Drone  
  19  1:39  Overlord  
  19  1:53  Drone  
  20  2:01  Queen  
  20  2:03  Zergling x2  
  20  2:05  Queen  
  20  2:06  Zergling x2  
  26  2:11  Zergling x2  
  26  2:13  Metabolic Boost  
  27  2:20  Drone  
  28  2:27  Drone x2  
  30  2:39  Baneling Nest  
  29  2:45  Hatchery  
  29  2:47  Zergling x2  
  29  2:48  Zergling x2  
  30  2:52  Zergling x2  
  30  2:58  Overlord  
  30  3:12  Zergling x8  
  34  3:13  Zergling x2  
  35  3:21  Zergling x6  
  38  3:30  Baneling x3  
  38  3:35  Zergling x2  
  38  3:36  Zergling x2  
  35  3:59  Zergling x16  
  41  4:09  Queen  
  39  4:10  Zergling x2  
  32  4:24  Drone x3  
  35  4:36  Queen  
  37  4:48  Drone x3  
  37  4:49  Drone  
  37  4:51  Baneling  
  37  4:52  Baneling  
  40  5:10  Baneling x3  
  40  5:13  Zergling x2  
  41  5:18  Lair  
  41  5:30  Overlord  
  41  5:43  Baneling x2  
  41  5:46  Zergling x4  
  39  6:18  Zergling x26  
  50  6:26  Overlord  
  50  6:42  Baneling x2  
  50  6:58  Drone x6  
  50  6:59  Drone x2  
  58  7:01  Overlord x3  
  58  7:02  Overlord x3  
  56  7:18  Baneling  
  48  7:30  Zergling x22  
  51  8:09  Zergling x22  
  59  8:16  Zergling x2  
  60  8:20  Baneling  
  60  8:21  Baneling  
  45  8:56  Zergling x30  
  45  9:02  Queen  
  60  9:03  Zergling x2  
  63  9:11  Drone x2  
  65  9:29  Drone x3  
  68  9:31  Extractor  
  68  9:34  Baneling x3  
  67  9:59  Baneling  
  65  10:04  Baneling  
  63  10:10  Zergling x2  
  63  10:11  Zergling x18  
  58  10:18  Queen x2  
  58  10:19  Queen  
  63  10:22  Zergling x4  
  62  10:32  Zergling x4  
  62  10:33  Zergling x2  
  65  10:40  Baneling  
  65  10:41  Baneling x4  
  65  10:54  Queen  
  66  11:04  Zergling x22  
  63  11:19  Zergling x12  
  63  11:24  Queen  
  72  11:30  Queen  
  72  11:34  Extractor  
  72  11:35  Baneling x4  
  72  11:36  Extractor, Baneling x4  
  72  11:37  Zergling x2  
  72  11:38  Zergling x8  
  72  11:52  Zergling x2  
  72  11:53  Zergling x6  
  58  12:01  Baneling x4  
  49  12:16  Zergling x6  
  49  12:17  Zergling x8  
  46  12:38  Drone x2  
  46  12:39  Drone x3  
  44  13:06  Nydus Network  
  44  13:11  Zergling x6  
  44  13:12  Zergling x6  
  49  13:17  Queen x2  
  53  13:28  Zergling x4  
  55  13:39  Zergling x4  
  57  13:48  Nydus Canal  
  57  13:50  Zergling x4  
  57  13:52  Queen  
  58  14:16  Drone x4  
  60  14:17  Drone  
  60  14:18  Spire  
  60  14:22  Baneling x3  
  60  14:23  Baneling x3  
  59  14:42  Zergling x6  
  59  14:43  Zergling x4  
  59  14:45  Baneling x6  
  64  14:50  Hatchery  
  63  15:29  Hatchery  
  63  15:31  Queen  
  63  15:32  Queen  
  66  15:39  Overseer  
  66  15:52  Mutalisk x4  
  66  15:56  Zergling x6  
  79  15:57  Zergling x14  
  79  15:59  Overlord x2  
  79  16:00  Overlord x2  
  79  16:01  Extractor  
  83  16:06  Extractor  
Tags
 
Add a new tag
Caveats
  • Supply blocks, unpowered buildings, or Contaminate may cause inaccurate times.
  • Supply counts are checked every 10 seconds.